 Dungeon Crawl Stone Soup version 0.27.0-65-ge2af304b15 (webtiles) character file.

Game seed: 277988253196143877

2656 Malachi the Thaumaturge (level 9, -3/60 HPs)
             Began as a Djinni Ice Elementalist on Aug 17, 2021.
             Was a Follower of Ru.
             Slain by an ice beast (9 damage)
             ... on level 7 of the Dungeon on Aug 18, 2021.
             The game lasted 00:20:32 (9857 turns).

Malachi the Thaumaturge (Djinni Ice Elementalist)   Turns: 9857, Time: 00:20:33

Health: -3/60      AC:  4    Str:  7    XL:     9   Next: 94%
Gold:   1642       EV: 14    Int: 20    God:    Ru [*.....] SH:  0 Dex: 14

rFire    + + .     SeeInvis .   i - staff of air
rCold    x . .     Faith    .   (no shield)
rNeg     . . .     Spirit   .   a - +1 robe
rPois    ∞         Reflect  .   (no helmet)
rElec    +         Harm     .   (no cloak)
rCorr    .         Rampage  .   s - +0 pair of gloves
Will     .....                  (boots unavailable)
Stlth    +++.......             (no amulet)
HPRegen  0.20/turn              (no ring)
MPRegen  0.00/turn              (no ring)

@: unable to read, freezing walls, flying
A: sickness immunity, fire resistance 2, cold vulnerability 1, inability to read
while threatened, float, innate caster, hp casting, extra vitality 1
a: Renounce Religion


You were on level 7 of the Dungeon.
You worshipped Ru.
Ru was aware of your devotion.
You visited 2 branches of the dungeon, and saw 8 of its levels.

You collected 1642 gold pieces.

Inventory:

Hand Weapons
 o - a +2 dagger of electrocution
Armour
 a - a +1 robe (worn)
 s - a +0 pair of gloves (worn)
Magical Staves
 i - a staff of air (weapon)
 v - a staff of death
Jewellery
 p - a +6 ring of strength
 t - a +6 ring of intelligence
Wands
 k - a wand of polymorph (21)
 n - a wand of digging (5)
 y - a wand of flame (18)
Scrolls
 g - 2 scrolls of enchant armour
 j - 2 scrolls of brand weapon
 l - a scroll of enchant weapon
 q - a scroll of blinking
 x - 2 scrolls of teleportation
Potions
 c - 2 potions of haste
 d - a potion of cancellation
 e - a potion of attraction
 f - 4 potions of curing
 m - a potion of flight {unknown}
 r - a potion of resistance
 u - a potion of magic {unknown}
 w - a potion of heal wounds {unknown}
 z - a potion of brilliance {unknown}
 A - 2 potions of mutation {unknown}


   Skills:
 * Level 3.0 Fighting
 + Level 1.9 Staves
 + Level 5.3 Dodging
 + Level 3.9 Stealth
 + Level 2.1 Unarmed Combat
 * Level 8.6 Spellcasting


You had 6 spell levels left.
You knew the following spells:

 Your Spells              Type           Power      Damage    Failure   Level
a - Freeze                Ice            100%       1d11      1%          1
b - Frozen Ramparts       Ice            86%        1d10      1%          3
c - Ozocubu's Armour      Ice            43%        N/A       1%          3
d - Hailstorm             Conj/Ice       43%        3d10      2%          4
e - Shock                 Conj/Air       100%       1d9       1%          1
f - Searing Ray           Conj           86%        3d6       1%          2
g - Call Imp              Summ           43%        N/A       1%          2
h - Tukima's Dance        Hex            43%        N/A       1%          3
Your spell library was empty.

Dungeon Overview and Level Annotations

Branches:
Dungeon (7/15)             Temple (1/1) D:4

Altars:
Ashenzari
Cheibriados
Dithmenos
Elyvilon
Fedhas
Gozag
Hepliaklqana
Kikubaaqudgha
Makhleb
Nemelex Xobeh
Okawaru
Qazlal
Ru
Sif Muna
Trog
Vehumet
Wu Jian
Xom
Yredelemnul
Zin
The Shining One


Innate Abilities, Weirdness & Mutations

You are immune to sickness and miasma.
You are immune to poison.
Your flesh is very heat resistant. (rF++)
You are vulnerable to cold. (rC-)
You sometimes lose the ability to read scrolls when taking damage.
You float through the air rather than walking.
You learn spells naturally, not from books.
Your magical power is your life essence.
You have superior vitality. (+4 HP)


Message History

Confirm with . or Enter, or press ? or * to list all spells.
Okay, then.
Casting: Frozen Ramparts (safe; 1% risk of failure)
Confirm with . or Enter, or press ? or * to list all spells.
Aiming: Searing Ray (safe; 1% risk of failure)
Press: ? - help, Shift-Dir - straight line, f - gnoll
Aim: a gnoll, wielding a +0 spear (heavily wounded, 84% to hit)
The searing ray hits the ice beast.
The ice beast is lightly wounded.
The searing ray hits the gnoll!
You kill the gnoll!
The searing ray hits the gnoll!
The gnoll is severely wounded.
The searing ray hits the gnoll!
You kill the gnoll! (Press . to maintain the ray.)
The wall freezes the gnoll.
You kill the gnoll!
The ice beast completely resists.
The wall freezes the ice beast but does no damage.
The ice beast hits you but does no damage.
Your Unarmed Combat skill increases to level 2!
The searing ray hits the ice beast.
The ice beast is moderately wounded.
The searing ray hits the gnoll!
The gnoll is severely wounded.
The ice beast completely resists.
The wall freezes the ice beast but does no damage.
The ice beast hits you. The ice beast freezes you!
You feel a terrible chill!
* * * LOW HITPOINT WARNING * * *
Unknown command.
The searing ray hits the ice beast.
The ice beast is heavily wounded.
* * * LOW HITPOINT WARNING * * *
The ice beast completely resists.
The wall freezes the ice beast but does no damage.
The ice beast hits you.
* * * LOW HITPOINT WARNING * * *
The ice beast freezes you!
You feel a terrible chill!
You die...

## .. #. #.
#.####| #########
.......##@.......
#....)))Y.#######
#.####.#### #. #.
#. Y. .. .#


You could see an ice beast.

Vanquished Creatures
  2 centaur zombies
  Prince Ribbit (D:5)
  Grinder (D:5)
  Eustachio (D:4)
  A steam dragon (D:4)
  Edmund (D:5)
  A sky beast (D:6)
  An orc warrior (D:6)
  An ogre (D:5)
  A necrophage (D:6)
  A centaur (D:6)
  A bullfrog (D:6)
  Blork the orc (D:5)
  A scorpion (D:4)
  A water moccasin skeleton (D:4)
  4 wights (D:5)
  A howler monkey (D:5)
  4 hounds
  A gnoll shaman (D:7)
  3 orc priests
  Ijyb (D:4)
  An iguana (D:6)
  4 orc wizards
  2 ogre zombies (D:6)
  A howler monkey zombie (D:6)
  Robin (D:4)
  4 gnolls
  4 adders
  An orc zombie (D:6)
  A shadow imp (D:5)
  3 worms (D:3)
  A dart slug (D:1)
  12 orcs
  2 ball pythons
  7 endoplasms
  6 giant cockroaches
  13 goblins
  5 hobgoblins
  4 jackals (D:2)
  7 kobolds
  8 quokkas
  2 bats
  A frilled lizard (D:2)
  2 rats
122 creatures vanquished.

Notes
Turn   | Place    | Note
-------+----------+-------------------------------------------
     0 | D:1      | Malachi the Djinni Ice Elementalist began the quest for the
                  | Orb.
     0 | D:1      | Reached XP level 1. HP: 15/15 MP: 0/0
   542 | D:1      | Found a faded altar of an unknown god.
   613 | D:1      | Reached XP level 2. HP: 17/21 MP: 0/0
  2012 | D:2      | Reached XP level 3. HP: 24/25 MP: 0/0
  2012 | D:2      | Learned a level 1 spell: Shock
  2655 | D:2      | Identified a scroll of acquirement
  2655 | D:2      | Acquired 1311 gold pieces
  2838 | D:3      | Reached skill level 4 in Spellcasting
  2838 | D:3      | Reached XP level 4. HP: 20/31 MP: 0/0
  3365 | D:3      | Found a glowing drain.
  4116 | D:3      | Reached XP level 5. HP: 11/35 MP: 0/0
  4116 | D:3      | Learned a level 2 spell: Searing Ray
  4903 | D:4      | Found a staircase to the Ecumenical Temple.
  4903 | D:4      | Noticed a steam dragon
  4921 | D:4      | Killed a steam dragon
  4922 | D:4      | Reached skill level 1 in Staves
  4922 | D:4      | Reached skill level 5 in Spellcasting
  4922 | D:4      | Reached XP level 6. HP: 22/41 MP: 0/0
  4929 | Temple   | Entered the Ecumenical Temple
  5189 | Temple   | Became a worshipper of Ru the Awakened
  5208 | D:4      | Reached skill level 1 in Fighting
  5566 | D:4      | Reached XP level 7. HP: 39/47 MP: 0/0
  5566 | D:4      | Learned a level 2 spell: Call Imp
  5660 | D:4      | Noticed Robin
  5673 | D:4      | Killed Robin
  5866 | D:4      | Noticed Eustachio
  5877 | D:4      | Killed Eustachio
  6345 | D:4      | Noticed Ijyb
  6362 | D:4      | Killed Ijyb
  6654 | D:5      | Entered Level 5 of the Dungeon
  6681 | D:5      | Reached skill level 6 in Spellcasting
  6681 | D:5      | Reached XP level 8. HP: 24/54 MP: 0/0
  7185 | D:5      | Reached skill level 1 in Unarmed Combat
  7202 | D:5      | Gained mutation: You sometimes lose the ability to read
                  | scrolls when taking damage. [Ru sacrifice]
  7202 | D:5      | Reached * piety under Ru
  7306 | D:5      | Noticed Grinder
  7316 | D:5      | Paralysed by Grinder for 4 turns
  7324 | D:5      | Killed Grinder
  7325 | D:5      | Reached skill level 7 in Spellcasting
  7325 | D:5      | Reached XP level 9. HP: 25/58 MP: 0/0
  7325 | D:5      | Learned a level 3 spell: Tukima's Dance
  7609 | D:5      | Noticed Blork the orc
  7629 | D:5      | Killed Blork the orc
  7911 | D:5      | Noticed Prince Ribbit
  7921 | D:5      | Killed Prince Ribbit
  7922 | D:5      | Reached skill level 5 in Dodging
  8044 | D:5      | Noticed Edmund
  8049 | D:5      | Killed Edmund
  8496 | D:6      | Reached skill level 8 in Spellcasting
  8505 | D:6      | Found a transporter.
  8615 | D:6      | Found a transporter.
  9857 | D:7      | Slain by an ice beast

Illustrated notes

Levels and vault maps discovered:
D:1:      dpeg_arrival_stone_temple_mockup, layout_basic,
          dilly_ecumenical_altar_fadedgnrine
D:2:      layout_basic
D:3:      layout_loops_ring, gup_sewer_entry_spiral, kennysheep_generic_room_16
D:4:      layout_cave_pools, minmay_temple_entry_sparse_star, uniq_eustachio,
          uniq_robin, uniq_ijyb
D:5:      layout_loops_ring, kennysheep_generic_room_10, uniq_blork_the_orc,
          uniq_grinder, uniq_edmund, uniq_prince_ribbit1
D:6:      gammafunk_cloud_chamber, layout_basic, minivault_4, nrook_campfire,
          minmay_puff
D:7:      layout_loops_ring
Temple:   compressed_dpeg_circular_temple

Skill      XL: |  1  2  3  4  5  6  7  8  9 |
---------------+----------------------------+-----
Spellcasting   | 4 5 6 7 8 |  8.6
Stealth        | 2 3 |  3.9
Staves         | 1 |  1.9
Fighting       | 1 2 3 |  3.0
Dodging        | 3 4 5 |  5.3
Unarmed Combat | 1 2 |  2.1

Action                   |  1- 3 |  4- 6 |  7- 9 || total
-------------------------+-------+-------+-------++-------
Melee: Unarmed           |     1 |       |     9 ||    10
       Staff             |     9 |    26 |    14 ||    49
       Dagger            |       |       |     1 ||     1
 Cast: Freeze            |    31 |    21 |    17 ||    69
       Frozen Ramparts   |     2 |     9 |    13 ||    24
       Searing Ray       |       |     3 |    38 ||    41
       Ozocubu's Armour  |       |       |     1 ||     1
Invok: Sacrifice Words   |       |       |     1 ||     1
  Use: Scroll            |     6 |       |    10 ||    16
 Stab: Sleeping          |     1 |     1 |     2 ||     4
       Distracted        |       |     1 |       ||     1
Armor: Robe              |     7 |    14 |    34 ||    55
Dodge: Dodged            |    18 |    26 |    66 ||   110
